Map: [ESL] Ancient Cistern

Players

Kelazhur

  • Race: Terran Terran
  • Spawn Location: 7:00

MaSa - Winner!

  • Race: Terran Terran
  • Spawn Location: 1:00

Event: ESL SC2 Masters 2023 Summer (Regionals)

VOD

Have the link to the VOD?

Description

Time

  • Played on: May 19, 2023, 3:11 p.m.
  • Length: 13:00

All games in this series

Show
View Real Time Build Order
Export as new Build Order

Kelazhur Terran 

Build Orders: Liberator Opening 

Get SALT Encoding   

  12  0:00  SCV  
  13  0:12  SCV  
  14  0:17  Supply Depot  
  14  0:24  SCV  
  15  0:38  SCV  
  15  0:40  Barracks  
  16  0:43  Refinery  
  16  0:51  SCV  
  16  0:52  Refinery  
  17  1:03  SCV  
  18  1:15  SCV  
  19  1:27  Orbital Command, Reaper, Supply Depot  
  20  1:41  Factory  
  20  1:53  SCV  
  21  1:59  Reaper  
  22  2:05  SCV  
  23  2:17  SCV  
  24  2:26  Hellion  
  24  2:29  SCV  
  27  2:31  Reaper  
  28  2:42  SCV  
  29  2:47  Hellion  
  29  2:49  Supply Depot  
  31  3:00  Command Center  
  31  3:09  SCV  
  31  3:10  Barracks Tech Lab  
  31  3:11  Hellion  
  33  3:16  Starport  
  33  3:18  Supply Depot  
  32  3:22  SCV  
  31  3:34  SCV  
  29  3:36  Hellion, Marauder  
  29  3:37  Concussive Shells  
  32  3:46  SCV  
  33  3:52  Liberator  
  36  3:58  Hellion, Marauder  
  40  4:04  SCV  
  41  4:12  Orbital Command  
  41  4:16  SCV  
  42  4:26  Barracks  
  42  4:30  Siege Tank  
  45  4:32  SCV  
  45  4:33  Marine  
  45  4:36  Viking  
  49  4:40  SCV  
  50  4:45  Supply Depot  
  50  4:52  SCV  
  51  4:53  Marine  
  52  5:03  SCV  
  53  5:09  Viking  
  53  5:11  SCV, Marine  
  51  5:21  Factory Tech Lab  
  51  5:27  SCV  
  49  5:32  SCV  
  50  5:39  Liberator  
  50  5:42  SCV  
  54  5:44  SCV  
  51  5:50  Marine  
  51  5:56  Siege Tank  
  53  5:57  Marine  
  53  5:58  SCV  
  51  6:04  SCV  
  51  6:08  Marine  
  51  6:11  SCV  
  41  6:23  Marine  
  30  6:39  Siege Tank  
  28  6:43  SCV  
  29  6:49  Viking  
  29  6:53  Marine x2  
  31  6:56  SCV  
  31  6:57  SCV  
  33  7:03  Orbital Command  
  33  7:08  SCV  
  34  7:11  Marine  
  35  7:19  Viking  
  35  7:20  SCV  
  35  7:22  Barracks Reactor  
  36  7:30  SCV  
  36  7:32  SCV  
  38  7:42  SCV  
  38  7:45  Marine  
  39  7:51  Liberator  
  39  7:56  SCV  
  39  7:58  SCV  
  42  8:02  Marine x2  
  42  8:03  Marine, Refinery  
  45  8:08  SCV  
  45  8:10  SCV  
  47  8:20  Marine x2, SCV  
  47  8:21  Marine  
  51  8:31  Siege Tank  
  54  8:38  Marine x2  
  54  8:39  Marine  
  57  8:43  SCV  
  58  8:56  Marine x2  
  58  8:57  SCV  
  60  9:07  Orbital Command  
  60  9:09  SCV  
  61  9:12  Siege Tank  
  64  9:25  SCV  
  65  9:31  Marine x2  
  65  9:37  SCV  
  64  9:44  SCV  
  64  9:45  Siege Tank  
  63  9:49  Marine  
  63  9:51  Barracks Tech Lab  
  63  9:52  SCV  
  57  9:56  SCV  
  58  10:01  Marine  
  58  10:04  SCV  
  60  10:08  SCV  
  60  10:09  Stimpack, Marine x2  
  60  10:14  Supply Depot  
  66  10:23  Refinery  
  66  10:24  Refinery  
  66  10:29  Marine x3  
  66  10:30  Starport Reactor  
  66  10:35  SCV x2  
  71  10:36  Supply Depot  
  71  10:40  Barracks  
  69  10:57  SCV  
  69  11:00  Command Center  
  69  11:02  Marine x3, Siege Tank  
  75  11:08  SCV  
  75  11:11  Engineering Bay  
  76  11:15  Engineering Bay  
  76  11:17  Medivac x2  
  80  11:20  Marine x3  
  80  11:23  SCV  
  80  11:25  SCV  
  85  11:30  Supply Depot  
  84  11:35  SCV  
  84  11:37  SCV  
  77  11:41  Siege Tank  
  80  11:47  SCV  
  80  11:49  SCV  
  80  11:51  Marine x2  
  84  11:56  Marine  
  84  11:58  Barracks Reactor  
  84  11:59  SCV  
  84  12:01  SCV  
  87  12:10  Starport Reactor  
  87  12:11  SCV  
  87  12:12  Marine x3  
  87  12:13  Marine, Supply Depot  
  69  12:24  Siege Tank  
  69  12:25  Orbital Command  
  69  12:27  Marine  
  53  12:42  Marine x2  
Show
View Real Time Build Order
Export as new Build Order

MaSa Terran - Winner!

Build Orders:  

Get SALT Encoding   

  12  0:00  SCV  
  13  0:12  SCV  
  14  0:17  Supply Depot  
  14  0:24  SCV  
  15  0:39  Barracks, SCV  
  16  0:45  Refinery  
  16  0:51  SCV  
  17  1:01  Barracks  
  17  1:04  SCV  
  17  1:09  Refinery  
  18  1:16  SCV  
  19  1:27  Reaper  
  19  1:32  Orbital Command  
  20  1:44  Supply Depot  
  20  1:47  Reaper  
  21  1:58  SCV  
  21  2:00  Reaper  
  23  2:10  Factory  
  23  2:11  SCV  
  24  2:21  Reaper, Supply Depot  
  25  2:25  SCV  
  26  2:34  Reaper  
  26  2:37  SCV  
  26  2:49  SCV  
  27  2:53  Reaper  
  27  2:54  Hellion  
  30  3:01  SCV  
  30  3:04  Starport  
  31  3:07  Marine  
  32  3:13  SCV  
  32  3:16  Factory Tech Lab  
  31  3:31  SCV  
  30  3:36  Siege Tank  
  33  3:42  Viking  
  33  3:43  SCV  
  33  3:44  Marine  
  37  3:48  Supply Depot  
  37  3:55  SCV  
  38  4:04  Marine  
  39  4:10  SCV, Siege Tank  
  39  4:12  Viking, Supply Depot  
  45  4:22  SCV  
  46  4:31  Bunker  
  46  4:34  SCV  
  47  4:40  Marine  
  47  4:43  Viking  
  50  4:46  SCV  
  51  4:57  Siege Tank  
  52  5:09  SCV  
  52  5:11  Command Center  
  52  5:13  Marine  
  52  5:22  SCV  
  52  5:23  Refinery  
  52  5:25  Bunker  
  53  5:31  Viking  
  53  5:34  SCV  
  49  5:46  SCV  
  49  5:58  Barracks Tech Lab  
  49  5:59  Barracks  
  49  6:01  Barracks, SCV  
  49  6:08  Siege Tank  
  50  6:16  SCV  
  50  6:28  SCV  
  48  6:33  SCV  
  48  6:38  Viking  
  51  6:40  Stimpack, Marine, Siege Tank  
  51  6:41  SCV  
  56  6:54  Orbital Command, Barracks Reactor  
  53  6:56  SCV, Barracks Reactor  
  53  6:58  Engineering Bay, Refinery  
  54  7:09  SCV, Medivac  
  57  7:16  Siege Tank  
  57  7:17  Marine  
  57  7:21  SCV  
  62  7:23  SCV  
  61  7:33  SCV  
  61  7:35  SCV  
  61  7:36  Marine x5  
  66  7:45  SCV  
  66  7:47  SCV  
  68  7:54  Marine x2  
  70  8:00  Supply Depot x2  
  70  8:01  Terran Infantry Weapons Level 1  
  70  8:16  SCV  
  70  8:18  Supply Depot  
  70  8:19  Supply Depot  
  70  8:20  Combat Shield  
  70  8:21  Marine x3, Barracks Reactor, Siege Tank, SCV  
  73  8:28  SCV  
  73  8:33  SCV  
  75  8:39  Marine x3  
  75  8:40  SCV  
  79  8:45  SCV  
  77  8:49  Barracks  
  77  8:50  Barracks  
  77  8:53  Siege Tank  
  77  8:55  SCV  
  78  8:57  Marine x3, SCV  
  78  9:01  Marine x2  
  80  9:07  SCV  
  81  9:10  SCV, Command Center  
  81  9:14  Marine, Medivac  
  84  9:17  Marine x2  
  84  9:18  Marine  
  84  9:22  Marine  
  83  9:24  SCV  
  83  9:25  SCV  
  83  9:29  Siege Tank  
  88  9:32  Marine  
  89  9:42  Marine x3  
  82  9:46  Marine x3  
  82  9:47  SCV  
  82  9:50  Marine  
  82  9:52  SCV  
  78  9:59  Marine x2  
  78  10:00  Marine  
  78  10:02  Terran Infantry Armor Level 1  
  78  10:04  Marine  
  78  10:06  Barracks Reactor x2  
  82  10:08  Marine  
  82  10:09  Liberator  
  86  10:14  Liberator  
  86  10:17  Marine  
  86  10:21  Marine x2  
  91  10:24  Factory Tech Lab  
  91  10:26  Marine  
  93  10:33  Barracks Reactor  
  93  10:34  Orbital Command, Factory  
  93  10:35  Marine  
  94  10:38  Marine  
  94  10:39  Marine  
  95  10:46  Marine x3  
  95  10:47  Marine x2  
  99  10:52  Medivac  
  99  10:53  Marine  
  99  10:56  Marine x2  
  104  10:57  Medivac  
  106  11:04  Marine x3  
  106  11:05  SCV, Engineering Bay  
  106  11:07  Armory  
  106  11:08  Refinery  
  110  11:15  Refinery  
  110  11:17  Marine x4, Sensor Tower  
  114  11:26  Marine x3  
  114  11:30  Supply Depot  
  117  11:34  Marine x3  
  114  11:42  Marine x3  
  114  11:45  Supply Depot  
  117  11:52  SCV x3, Siege Tank  
  123  12:00  Supply Depot  
  123  12:02  Supply Depot  
  123  12:06  Siege Tank  
  126  12:16  Marine  
  126  12:21  Marine x2  
  120  12:24  Siege Tank  
  120  12:27  SCV x3, Medivac x2  
  114  12:30  Marine x4  
  114  12:35  Marine  
  109  12:42  Marine x2  
  109  12:43  SCV x2  
Tags
 
Add a new tag
Caveats
  • Supply blocks, unpowered buildings, or Contaminate may cause inaccurate times.
  • Supply counts are checked every 10 seconds.